 Dungeon Crawl Stone Soup version 0.26.0-16-gc1dbca0489 (webtiles) character file.

Game seed: 11027390627908246529

192 112233 the Caller (level 5, -2/31 HPs)
             Began as an Octopode Summoner on Jan 18, 2021.
             Slain by a howler monkey (5 damage)
             ... on level 4 of the Dungeon.
             The game lasted 00:06:05 (5879 turns).

112233 the Caller (Octopode Summoner)               Turns: 5879, Time: 00:06:06

Health: -2/31      AC:  1    Str:  8    XL:     5   Next: 71%
Magic:  5/11       EV: 14    Int: 18    God:
Gold:   124        SH:  0    Dex: 12    Spells: 6/12 levels left

rFire    . . .     SeeInvis .   v - +0 spear
rCold    . . .     Faith    .   (no shield)
rNeg     + . .     Spirit   .   (helmet restricted)
rPois    .         Reflect  .   (no amulet)
rElec    .         Harm     .   i - ring of positive energy
rCorr    .         Rampage  .   (no ring)
Will     .....                  (no ring)
Stlth    +++.......             (no ring)
HPRegen  0.10/turn              (no ring)
MPRegen  0.12/turn              (no ring)
                                (no ring)
                                (no ring)

@: about to teleport
A: almost no armour, stealthy swim, amphibious, 8 rings, constrict 8, camouflage
1, gelatinous body 1
a: no special abilities


You were on level 4 of the Dungeon.
You visited 1 branch of the dungeon, and saw 4 of its levels.

You collected 124 gold pieces.

Inventory:

Hand Weapons
 v - a +0 spear (weapon)
Missiles
 m - 39 poisoned darts
 w - a throwing net {!f}
Jewellery
 i - a ring of positive energy (left tentacle)
 t - an uncursed amulet of regeneration {unknown}
Wands
 k - a wand of acid (11)
Scrolls
 c - 2 scrolls of blinking {unknown}
 d - 3 scrolls of remove curse {unknown}
 l - a scroll of fear {unknown}
 p - a scroll of immolation {unknown}
 q - 3 scrolls of magic mapping {unknown}
 s - a scroll of identify {unknown}
Potions
 a - 2 potions of brilliance {unknown}
 b - 3 potions of curing {@q1}
 e - 2 potions of haste {unknown}
 f - a potion of might {unknown}
 g - a potion of berserk rage {unknown}
 h - a potion of mutation {unknown}
 j - a potion of magic {unknown}
 n - a potion of flight {unknown}
 r - a potion of heal wounds {unknown}
 u - a potion of resistance {unknown}


   Skills:
 + Level 3.2 Dodging
 - Level 2.6 Stealth
 * Level 4.0 Spellcasting
 + Level 4.8 Summonings


You had 6 spell levels left.
You knew the following spells:

 Your Spells              Type           Power        Failure   Level
a - Summon Small Mammal   Summ           84%          1%          1
b - Call Imp              Summ           21%          3%          2
c - Call Canine Familiar  Summ           21%          6%          3

Your spell library contained the following spells:

 Spells                   Type           Power        Failure   Level
 Summon Guardian Golem    Hex/Summ       12%          16%         3
 Summon Ice Beast         Ice/Summ       12%          47%         4
 Summon Lightning Spire   Summ/Air       12%          47%         4


Dungeon Overview and Level Annotations

Branches:
Dungeon (4/15)
 Temple: D:4-7

Altars:
Ashenzari
Elyvilon
Nemelex Xobeh
Qazlal
Yredelemnul
The Shining One

Annotations:
D:4 Robin


Innate Abilities, Weirdness & Mutations

You cannot wear most types of armour.
You are very stealthy in the water. (Stealth+)
You are amphibious.
You can wear up to eight rings at the same time.
You can use your tentacles to constrict eight enemies at once.
Your skin changes colour to match your surroundings (Stealth+).
Your rubbery body absorbs attacks. (AC +1, EV +1)


Message History

Your hound closely misses the goblin.
The goblin barely misses your hound.
Robin hits you from afar with a +0 spear.
The goblin hits your hound.
The goblin hits your hound but does no damage.
The goblin hits you but does no damage.
Unknown command.
As you read the scroll labelled HIDWAUQ EHUMYTT, it crumbles to dust.
You feel strangely unstable.
It was a scroll of teleportation.
The howler monkey hits you.
* * * LOW HITPOINT WARNING * * *
Your hound bites the goblin.
The goblin dies!
Your crimson imp hits the howler monkey.
The goblin barely misses your hound.
Robin hits you from afar with a +0 spear.
* * * LOW HITPOINT WARNING * * *
The goblin misses your hound. The goblin hits you with a +0 dagger.
* * * LOW HITPOINT WARNING * * *
The howler monkey hits you.
You die...

.....#
####.##############
.# #.....).[......#
.# ##############.#
.#### #...........#
)...###.########..#
........# #)g#
....######## ###hg#
...........# #gg@##
..########.###.#h##
..# #.....g.5# ..#
#####.#.g# ..#
#.#..# .. #.#..#
#.#).# #.#.)# #.)#


You could see a howler monkey, Robin, a hobgoblin (strong), 4 goblins, a
friendly hound (summoned) and a friendly crimson imp (summoned).

Vanquished Creatures
  A phantom (D:3)
  A howler monkey (D:3)
  A worm (D:2)
  2 leopard geckos
  A giant cockroach (D:2)
  5 goblins
  2 hobgoblins
  A jackal (D:2)
  A quokka (D:2)
  A frilled lizard (D:2)
  A kobold (D:1)
  3 rats
20 creatures vanquished.

Vanquished Creatures (collateral kills)
  A bullfrog skeleton (D:4)
  An orc wizard (D:4)
  3 gnolls (D:4)
  3 adders (D:2)
  A worm (D:2)
  A dart slug (D:1)
  2 leopard geckos
  4 orcs (D:4)
  3 bats
  3 giant cockroaches
  7 goblins
  6 hobgoblins
  3 jackals (D:2)
  A frilled lizard (D:2)
  4 kobolds
  4 rats
47 creatures vanquished.

Grand Total: 67 creatures vanquished

Notes
Turn   | Place    | Note
-------+----------+-------------------------------------------
     0 | D:1      | 112233 the Octopode Summoner began the quest for the Orb.
     0 | D:1      | Reached XP level 1. HP: 11/11 MP: 3/3
   554 | D:3      | Noticed a phantom
  1257 | D:2      | Reached XP level 2. HP: 16/17 MP: 1/5
  1382 | D:2      | Learned a level 2 spell: Call Imp
  2863 | D:2      | Reached XP level 3. HP: 21/21 MP: 1/7
  3090 | D:2      | Found a stormy altar of Qazlal.
  3631 | D:2      | Learned a level 3 spell: Call Canine Familiar
  4112 | D:3      | Killed a phantom
  4113 | D:3      | Reached XP level 4. HP: 4/27 MP: 0/9
  4893 | D:3      | Reached XP level 5. HP: 27/31 MP: 7/10
  4939 | D:3      | Found a basalt altar of Yredelemnul.
  4941 | D:3      | Found a sparkling altar of Nemelex Xobeh.
  4942 | D:3      | Found a white marble altar of Elyvilon.
  4943 | D:3      | Found a glowing golden altar of the Shining One.
  5063 | D:3      | Found a broken altar of Ashenzari.
  5854 | D:4      | Noticed Robin
  5879 | D:4      | Slain by a howler monkey

Illustrated notes

Levels and vault maps discovered:
D:1:      shiori_arrival_elements, layout_basic, kennysheep_crisscross,
          roderic_roman_lattice, chequers_serial_rivers_micro_a,
          minmay_stone_trees_medium
D:2:      layout_loops_ring, grunt_qazlal_sundering
D:3:      layout_rooms, ashenzari_altar_1, minitemple, kennysheep_nondescript
D:4:      layout_loops_ring, uniq_robin

Skill      XL: |  1  2  3  4  5 |
---------------+----------------+-----
Spellcasting   | 3 4 |  4.0
Dodging        | 3 |  3.2
Stealth        | |  2.6
Summonings     | |  4.8

Action                   |  1- 3 |  4- 6 || total
-------------------------+-------+-------++-------
Melee: Unarmed           |    54 |    10 ||    64
       Constrict         |    11 |     4 ||    15
       Tentacles         |    10 |     2 ||    12
       Spear             |       |     7 ||     7
 Cast: Summon Small Mamm |    26 |       ||    26
       Call Imp          |    50 |    23 ||    73
       Call Canine Famil |     2 |     4 ||     6
Evoke: Wand              |     1 |       ||     1
  Use: Potion            |       |     2 ||     2
       Scroll            |       |     1 ||     1
 Stab: Sleeping          |     2 |       ||     2
       Distracted        |     1 |     1 ||     2
Armor: Skin              |     4 |     4 ||     8
Dodge: Dodged            |    66 |    33 ||    99
